Login

Minnesota Wild vs Chicago Blackhawks

Created - 03 May 2024 at 23:02

Goals
1 2 3 T
Minnesota Wild 1 0 1 2
Chicago Blackhawks 1 0 0 1
Shots
1 2 3 T
Minnesota Wild 10 15 21 46
Chicago Blackhawks 14 10 11 35

GoalsPenalties
1st period
1. Minnesota Wild , Matt Boldy 11 (Tomas Hertl 10) at 3:22
2. Chicago Blackhawks , Robby Fabbri 3 (Nick Blankenburg 1, Connor Murphy 6) at 16:01
Jake Middleton (MIN) for Tripping (Minor) at 8:50
John Klingberg (MIN) for Roughing (Minor) at 13:12
2nd period
No Goal
Matt Boldy (MIN) for Slashing (Minor) at 10:33
Rasmus Ristolainen (MIN) for Goalie Interference (Minor) at 18:36
3rd period
3. Minnesota Wild , Rasmus Ristolainen 3 (Seth Jones 4, Kirill Kaprizov 16) at 1:03
Nikita Zaitsev (CHI) for Roughing (Double Minor) at 8:31
Nikita Zaitsev (CHI) for Interference (Minor) at 14:23
Corey Perry (CHI) for Interference (Minor) at 18:45
Jonas Brodin (MIN) for Interference (Minor) at 19:00
Rasmus Ristolainen (MIN) for Cross-checking (Minor) at 19:42
Goalie Stats
Filip Gustavsson (MIN), 34 saves from 35 shots - (0.971), W, 11-9-1, 60:00 minutes
Cam Talbot (CHI), 44 saves from 46 shots - (0.957), L, 10-6-0, 59:28 minutes
3 StarsOfficial
1 - Filip Gustavsson (MIN)
2 - Cam Talbot (CHI)
3 - Robby Fabbri (CHI)
Referees : Terry Koharski and Reid Anderson
Linesman : Travis Gawryletz and Glen Cooke
Game Note
No Game Note
Finance
Level 1 -- Attendance: 5847 (97.45%) -- Ticket Income $584,700
Level 2 -- Attendance: 4659 (93.18%) -- Ticket Income $279,540
Level 3 -- Attendance: 1545 (77.25%) -- Ticket Income $54,075
Level 4 -- Attendance: 3099 (77.48%) -- Ticket Income $77,475
Luxury Box -- Attendance: 936 (93.60%) -- Ticket Income $187,200
Game was played at the United Center.
Total Attendance: 16086 (89.37%)
Total Ticket Income: $1,182,990
Other Income: $579,665
Total Income: $1,762,655



Team Name Goals Shots Shots Attemp Shots Blocked PIM HIT PP PK FO%
Minnesota Wild 246731312140 / 4 (0%)060%
Chicago Blackhawks 13575128220 / 6 (0%)040%

Minnesota Wild
Player Name POS G A P +/- PIM HIT SHT SB MP PP MP PP SHT PK MP PK SHT FO% FOT GA TA
Eric StaalC000000207:410:0900:000100% 400
Jake MiddletonD0001211112:020:0001:2300% 000
Joel Eriksson-EkC0001013022:313:0205:20159% 3901
John KlingbergD000-1202018:012:2702:2100% 010
Jon MerrillD0001002011:000:2500:0000% 000
Jonas BrodinD000-1220120:192:5104:0900% 001
Jujhar KhairaLW000000108:180:2400:0000% 000
Kirill KaprizovLW0111016016:293:0400:0000% 130
Marcus FolignoLW0000012010:120:5801:3600% 000
Marcus JohanssonLW0000011019:182:2102:3500% 100
Mats ZuccarelloRW0001013017:113:0400:000100% 110
Matt BoldyRW1010237020:092:1703:4500% 310
Owen TippettRW0000013212:593:2100:0000% 001
Rasmus RistolainenD1011402425:070:0003:2800% 000
Ryan HartmanC0000010011:510:5801:05080% 501
Seth JonesD0111006429:543:2105:0500% 000
Tomas HertlC0110013118:152:2201:48058% 1200
Zach PariseLW000000209:250:0000:000100% 100
Chicago Blackhawks
Player Name POS G A P +/- PIM HIT SHT SB MP PP MP PP SHT PK MP PK SHT FO% FOT GA TA
Boris KatchoukLW0000012012:080:0003:1120% 000
Cole GuttmanC0001041015:073:2810:28025% 1202
Connor MurphyD0110030223:594:3002:2600% 001
Corey PerryRW000-1213016:213:2810:0000% 100
Jarred TinordiD000-1021018:363:1210:2500% 010
Joey AndersonRW0000000110:410:0101:1300% 000
Jonatan BerggrenRW0001011010:070:0000:0000% 010
Kevin StenlundC000-1000016:160:0103:08057% 2800
Lukas ReichelLW000-1012115:503:2800:0000% 110
Matt GrzelcykD000-1004122:063:2002:2600% 001
Nick BlankenburgD0111011322:494:4403:0710% 001
Nikita ZaitsevD0000602014:240:0000:1500% 001
Patrick KaneRW000-1003017:494:2710:0000% 110
Patrik NemethD000-1040117:530:0603:2200% 000
Philipp KurashevC000-1013118:044:2721:14039% 1800
Robby FabbriLW1011025111:480:0101:2200% 000
Sam CarrickC0000011111:020:0001:5200% 500
Taylor HallLW000-1006017:454:2700:230100% 100

Minnesota Wild

5 vs 5 Forward
Line #Left WingCenterRight WingPHYDFOFWanted %Time %Time Play
1Kirill KaprizovJoel Eriksson-EkMats Zuccarello1133331%13:50
2Marcus JohanssonTomas HertlMatt Boldy1223331%14:05
3Zach PariseRyan HartmanOwen Tippett1222221%9:25
4Marcus FolignoEric StaalJujhar Khaira2301217%7:32
5 vs 5 Defense
Line #DefenseDefensePHYDFOFWanted %Time %Time Play
1Seth JonesRasmus Ristolainen1224042%19:01
2John KlingbergJonas Brodin0323030%13:33
3Jake MiddletonJon Merrill1402022%10:01
4Seth JonesRasmus Ristolainen131105%2:17
Power Play Forward
Line #Left WingCenterRight WingPHYDFOFWanted %Time %Time Play
1Kirill KaprizovJoel Eriksson-EkMats Zuccarello0056059%3:41
2Marcus JohanssonTomas HertlMatt Boldy0144041%2:32
Power Play Defense
Line #DefenseDefensePHYDFOFWanted %Time %Time Play
1Seth JonesOwen Tippett0146054%3:21
2John KlingbergJonas Brodin0144046%2:52
Penalty Kill 4 Players Forward
Line #CenterWingPHYDFOFWanted %Time %Time Play
1Joel Eriksson-EkMatt Boldy1136077%6:08
2Tomas HertlMarcus Johansson1224023%1:48
Penalty Kill 4 Players Defense
Line #DefenseDefensePHYDFOFWanted %Time %Time Play
1Seth JonesRasmus Ristolainen1316063%4:58
2John KlingbergJonas Brodin1404037%2:58
Penalty Kill 3 Players
Line #WingPHYDFOFWanted %Time %Time PlayDefenseDefensePHYDFOFWanted %Time %Time Play
1Joel Eriksson-Ek12260100%0:17 Seth JonesRasmus Ristolainen13160100%0:17
2Tomas Hertl122400%0:00 John KlingbergJonas Brodin140400%0:00
4 vs 4 Forward
Line #CenterWingPHYDFOFWanted %Time %Time Play
1Joel Eriksson-EkMats Zuccarello02360100%0:42
2Tomas HertlMatt Boldy122400%0:00
4 vs 4 Defense
Line #DefensePHYDFOFWanted %Time %Time Play
1Seth JonesRasmus Ristolainen13160100%60% - 0:42
2John KlingbergJonas Brodin122400%40% - 0:00
Last Minutes Offensive
Left WingCenterRight WingDefenseDefense
Kirill KaprizovJoel Eriksson-EkMats ZuccarelloSeth JonesTomas Hertl
Last Minutes Defensive
Left WingCenterRight WingDefenseDefense
Marcus FolignoJoel Eriksson-EkKirill KaprizovJonas BrodinRasmus Ristolainen
Time
Total ForwardTotal DefenseLast Minutes OffensiveLast Minutes Defensive
60:00 60:00 0:000:00
Extra Forwards
Normal PowerPlayPenalty Kill
Matt Boldy, Owen Tippett, Marcus JohanssonMatt Boldy, Owen TippettMatt Boldy
Extra Defensemen
Normal PowerPlayPenalty Kill
Jonas Brodin, Jake Middleton, Jon MerrillJonas Brodin, Jonas BrodinJake Middleton
Penalty Shots
Owen Tippett, Joel Eriksson-Ek, Mats Zuccarello, Tomas Hertl, Matt Boldy
Goalie
Filip Gustavsson, Mackenzie Blackwood
Custom OT Lines Forwards
Kirill Kaprizov, Joel Eriksson-Ek, Mats Zuccarello, Tomas Hertl, Matt Boldy, Owen Tippett, Marcus Johansson, Zach Parise, Ryan Hartman, Marcus Foligno
Custom OT Lines Defensemen
Seth Jones, Rasmus Ristolainen, John Klingberg, Jonas Brodin, Jake Middleton
Scratches
Jordie Benn (Suspend), Zach Bogosian (Suspend), Connor Dewar (Healthy), Brandon Duhaime (Healthy), Jared Spurgeon (Suspend) Elvis Merzlikins (Healthy)

Chicago Blackhawks

5 vs 5 Forward
Line #Left WingCenterRight WingPHYDFOFWanted %Time %Time Play
1Lukas ReichelPhilipp KurashevPatrick Kane1223028%12:41
2Taylor HallKevin StenlundCorey Perry1223029%13:07
3Robby FabbriCole GuttmanJonatan Berggren1222223%10:07
4Boris KatchoukSam CarrickJoey Anderson1221820%8:57
5 vs 5 Defense
Line #DefenseDefensePHYDFOFWanted %Time %Time Play
1Connor MurphyMatt Grzelcyk1223636%15:59
2Patrik NemethJarred Tinordi1223333%14:56
3Nick BlankenburgNikita Zaitsev1223131%13:57
4Connor MurphyMatt Grzelcyk12200%0:00
Power Play Forward
Line #Left WingCenterRight WingPHYDFOFWanted %Time %Time Play
1Taylor HallPhilipp KurashevPatrick Kane1226056%4:28
2Lukas ReichelCole GuttmanCorey Perry1224044%3:28
Power Play Defense
Line #DefenseDefensePHYDFOFWanted %Time %Time Play
1Connor MurphyNick Blankenburg1226060%4:44
2Matt GrzelcykJarred Tinordi1224040%3:12
Penalty Kill 4 Players Forward
Line #CenterWingPHYDFOFWanted %Time %Time Play
1Kevin StenlundBoris Katchouk1226087%5:25
2Sam CarrickJoey Anderson1224013%0:48
Penalty Kill 4 Players Defense
Line #DefenseDefensePHYDFOFWanted %Time %Time Play
1Patrik NemethNikita Zaitsev12260100%6:13
2Jarred TinordiNick Blankenburg122400%0:00
Penalty Kill 3 Players
Line #WingPHYDFOFWanted %Time %Time PlayDefenseDefensePHYDFOFWanted %Time %Time Play
1Kevin Stenlund122600%0:00 Patrik NemethNikita Zaitsev122600%0:00
2Sam Carrick122400%0:00 Jarred TinordiNick Blankenburg122400%0:00
4 vs 4 Forward
Line #CenterWingPHYDFOFWanted %Time %Time Play
1Cole GuttmanPatrick Kane12260100%0:59
2Philipp KurashevTaylor Hall122400%0:00
4 vs 4 Defense
Line #DefensePHYDFOFWanted %Time %Time Play
1Connor MurphyMatt Grzelcyk12260100%60% - 0:59
2Patrik NemethJarred Tinordi122400%40% - 0:00
Last Minutes Offensive
Left WingCenterRight WingDefenseDefense
Taylor HallPhilipp KurashevPatrick KaneMatt GrzelcykConnor Murphy
Last Minutes Defensive
Left WingCenterRight WingDefenseDefense
Lukas ReichelKevin StenlundCorey PerryConnor MurphyPatrik Nemeth
Time
Total ForwardTotal DefenseLast Minutes OffensiveLast Minutes Defensive
60:00 60:00 0:000:00
Extra Forwards
Normal PowerPlayPenalty Kill
Kevin Stenlund, Corey Perry, Philipp KurashevKevin Stenlund, Corey PerryPhilipp Kurashev
Extra Defensemen
Normal PowerPlayPenalty Kill
Nick Blankenburg, Nikita Zaitsev, Patrik NemethNick Blankenburg, Nikita ZaitsevPatrik Nemeth
Penalty Shots
Patrick Kane, Philipp Kurashev, Taylor Hall, Corey Perry, Robby Fabbri
Goalie
Cam Talbot, David Rittich
Custom OT Lines Forwards
Patrick Kane, Taylor Hall, Lukas Reichel, Corey Perry, Philipp Kurashev, Robby Fabbri, Jonatan Berggren, Boris Katchouk, Cole Guttman, Kevin Stenlund
Custom OT Lines Defensemen
Connor Murphy, Matt Grzelcyk, Nick Blankenburg, Patrik Nemeth, Jarred Tinordi
Scratches
Nick Foligno (Bruised Right Shoulder Injury), Tyler Johnson (Broken Right Foot Toe Injury)


Play-by-Play

1st period


0:01 of 1st period - Joel Eriksson-Ek wins face-off versus Philipp Kurashev in neutral zone.
0:16 of 1st period - Slapshot by Patrick Kane.
0:16 of 1st period - Stopped by Filip Gustavsson with a rebound.
0:35 of 1st period - Wrist shot by Tomas Hertl.
0:35 of 1st period - Shot Misses the Net.
1:23 of 1st period - Icing by Rasmus Ristolainen.
1:24 of 1st period - Eric Staal wins face-off versus Philipp Kurashev in Minnesota Wild zone.
1:31 of 1st period - Snap shot by Seth Jones.
1:31 of 1st period - Shot Misses the Net.
1:39 of 1st period - Snap shot by Kirill Kaprizov.
1:39 of 1st period - Stopped by Cam Talbot with a rebound.
2:07 of 1st period - Tomas Hertl is hit by Nick Blankenburg.
3:12 of 1st period - Wrist shot by Kirill Kaprizov.
3:12 of 1st period - Stopped by Cam Talbot without a rebound.
3:13 of 1st period - Tomas Hertl wins face-off versus Philipp Kurashev in Chicago Blackhawks zone.
3:14 of 1st period - Wrist shot by Matt Boldy.
3:14 of 1st period - Stopped by Cam Talbot with a rebound.
3:22 of 1st period - Snap shot by Matt Boldy.
3:22 of 1st period - Goal by Matt Boldy - Minnesota Wild : 1 - Chicago Blackhawks : 0.
3:23 of 1st period - Tomas Hertl wins face-off versus Philipp Kurashev in neutral zone.
3:40 of 1st period - Patrik Nemeth is hit by Jake Middleton and loses puck.
3:51 of 1st period - Wrist shot by Robby Fabbri.
3:51 of 1st period - Stopped by Filip Gustavsson with a rebound.
4:01 of 1st period - Snap shot by Jonatan Berggren.
4:01 of 1st period - Shot Misses the Net.
4:13 of 1st period - Snap shot by Taylor Hall.
4:13 of 1st period - Stopped by Filip Gustavsson without a rebound.
4:14 of 1st period - Ryan Hartman wins face-off versus Kevin Stenlund in Minnesota Wild zone.
4:31 of 1st period - Slapshot by Ryan Hartman.
4:31 of 1st period - Deflect By Zach Parise.
4:31 of 1st period - Stopped by Cam Talbot without a rebound.
4:32 of 1st period - Tomas Hertl wins face-off versus Sam Carrick in Chicago Blackhawks zone.
4:37 of 1st period - Matt Boldy is hit by Boris Katchouk and loses puck.
4:44 of 1st period - Backhand shot by Sam Carrick.
4:44 of 1st period - Stopped by Filip Gustavsson with a rebound.
4:46 of 1st period - Slapshot by Connor Murphy.
4:46 of 1st period - Shot Misses the Net.
5:19 of 1st period - Icing by Jonas Brodin.
5:20 of 1st period - Cole Guttman wins face-off versus Joel Eriksson-Ek in Minnesota Wild zone.
5:55 of 1st period - Wrist shot by Cole Guttman.
5:55 of 1st period - Shot Misses the Net.
6:05 of 1st period - Snap shot by Jonatan Berggren.
6:05 of 1st period - Deflect By John Klingberg.
6:05 of 1st period - Stopped by Filip Gustavsson without a rebound.
6:06 of 1st period - Kevin Stenlund wins face-off versus Ryan Hartman in Minnesota Wild zone.
6:13 of 1st period - Snap shot by Corey Perry.
6:13 of 1st period - Shot Blocked by Rasmus Ristolainen.
6:33 of 1st period - Seth Jones is hit by Lukas Reichel and loses puck.
8:20 of 1st period - Sam Carrick is hit by Jonas Brodin and loses puck.
8:43 of 1st period - Snap shot by Taylor Hall.
8:43 of 1st period - Stopped by Filip Gustavsson with a rebound.
8:50 of 1st period - Minor Penalty to Jake Middleton for Tripping.
8:51 of 1st period - Joel Eriksson-Ek wins face-off versus Philipp Kurashev in Minnesota Wild zone.
8:59 of 1st period - Snap shot by Joel Eriksson-Ek.
8:59 of 1st period - Stopped by Cam Talbot with a rebound.
9:07 of 1st period - Joel Eriksson-Ek is hit by Connor Murphy.
9:56 of 1st period - Rasmus Ristolainen is hit by Jarred Tinordi and loses puck.
10:44 of 1st period - Jonas Brodin is hit by Jarred Tinordi and loses puck.
10:50 of 1st period - Penalty to Jake Middleton is over, Jake Middleton is back on ice.
11:52 of 1st period - Marcus Foligno is hit by Sam Carrick and loses puck.
12:13 of 1st period - Wrist shot by Owen Tippett.
12:13 of 1st period - Shot Misses the Net.
12:25 of 1st period - Snap shot by Boris Katchouk.
12:25 of 1st period - Shot Misses the Net.
12:27 of 1st period - Slapshot by Nick Blankenburg.
12:27 of 1st period - Shot Misses the Net.
12:29 of 1st period - Slapshot by Sam Carrick.
12:29 of 1st period - Deflect By Joey Anderson.
12:29 of 1st period - Shot Misses the Net.
12:29 of 1st period - Puck is out of play.
12:30 of 1st period - Kevin Stenlund wins face-off versus Matt Boldy in Minnesota Wild zone.
12:37 of 1st period - Wrist shot by Corey Perry.
12:37 of 1st period - Stopped by Filip Gustavsson with a rebound.
13:12 of 1st period - Minor Penalty to John Klingberg for Roughing.
13:13 of 1st period - Joel Eriksson-Ek wins face-off versus Philipp Kurashev in Minnesota Wild zone.
13:21 of 1st period - Snap shot by Philipp Kurashev.
13:21 of 1st period - Stopped by Filip Gustavsson without a rebound.
13:22 of 1st period - Joel Eriksson-Ek wins face-off versus Philipp Kurashev in Minnesota Wild zone.
13:22 of 1st period - Joel Eriksson-Ek is hit by Philipp Kurashev.
13:38 of 1st period - Matt Boldy is hit by Connor Murphy and loses puck.
13:51 of 1st period - Backhand shot by Patrick Kane.
13:51 of 1st period - Stopped by Filip Gustavsson with a rebound.
13:53 of 1st period - Snap shot by Jarred Tinordi.
13:53 of 1st period - Stopped by Filip Gustavsson with a rebound.
13:55 of 1st period - Snap shot by Taylor Hall.
13:55 of 1st period - Shot Misses the Net.
13:57 of 1st period - Slapshot by Philipp Kurashev.
13:57 of 1st period - Stopped by Filip Gustavsson with a rebound.
13:59 of 1st period - Snap shot by Patrick Kane.
13:59 of 1st period - Shot Misses the Net.
14:15 of 1st period - Wrist shot by Patrick Kane.
14:15 of 1st period - Shot Misses the Net.
14:19 of 1st period - Snap shot by Taylor Hall.
14:19 of 1st period - Deflect By Matt Boldy.
14:19 of 1st period - Shot Misses the Net.
14:19 of 1st period - Puck is out of play.
14:20 of 1st period - Tomas Hertl wins face-off versus Cole Guttman in Minnesota Wild zone.
14:37 of 1st period - Cole Guttman is hit by Marcus Johansson.
14:41 of 1st period - Jonas Brodin is hit by Corey Perry.
15:12 of 1st period - Penalty to John Klingberg is over, John Klingberg is back on ice.
15:23 of 1st period - Joey Anderson is hit by Ryan Hartman and loses puck.
15:31 of 1st period - Icing by Joey Anderson.
15:32 of 1st period - Eric Staal wins face-off versus Sam Carrick in Chicago Blackhawks zone.
15:47 of 1st period - Slapshot by John Klingberg.
15:47 of 1st period - Stopped by Cam Talbot with a rebound.
15:49 of 1st period - Slapshot by Jonas Brodin.
15:49 of 1st period - Shot Blocked by Joey Anderson.
16:01 of 1st period - Snap shot by Robby Fabbri.
16:01 of 1st period - Goal by Robby Fabbri - Minnesota Wild : 1 - Chicago Blackhawks : 1.
16:02 of 1st period - Kevin Stenlund wins face-off versus Tomas Hertl in neutral zone.
16:20 of 1st period - Off-side.
16:21 of 1st period - Joel Eriksson-Ek wins face-off versus Philipp Kurashev in neutral zone.
17:19 of 1st period - Wrist shot by Zach Parise.
17:19 of 1st period - Stopped by Cam Talbot without a rebound.
17:20 of 1st period - Tomas Hertl wins face-off versus Kevin Stenlund in Chicago Blackhawks zone.
18:21 of 1st period - Icing by Jake Middleton.
18:22 of 1st period - Mats Zuccarello wins face-off versus Cole Guttman in Minnesota Wild zone.
19:18 of 1st period - Slapshot by Matt Grzelcyk.
19:18 of 1st period - Stopped by Filip Gustavsson with a rebound.
19:20 of 1st period - Slapshot by Matt Grzelcyk.
19:20 of 1st period - Shot Blocked by Seth Jones.
19:22 of 1st period - Slapshot by Matt Grzelcyk.
19:22 of 1st period - Deflect By Seth Jones.
19:22 of 1st period - Stopped by Filip Gustavsson without a rebound.
19:23 of 1st period - Kevin Stenlund wins face-off versus Tomas Hertl in Minnesota Wild zone.
19:26 of 1st period - Snap shot by Corey Perry.
19:26 of 1st period - Deflect By Taylor Hall.
19:26 of 1st period - Shot Blocked by Tomas Hertl.
19:26 of 1st period - Puck is out of play.
19:27 of 1st period - Kevin Stenlund wins face-off versus Tomas Hertl in Minnesota Wild zone.
19:54 of 1st period - Snap shot by Joel Eriksson-Ek.
19:54 of 1st period - Stopped by Cam Talbot with a rebound.
19:56 of 1st period - Snap shot by Mats Zuccarello.
19:56 of 1st period - Stopped by Cam Talbot with a rebound.
Goals for this period are 1 for Minnesota Wild vs 1 for Chicago Blackhawks.
Shots for this period are 10 for Minnesota Wild vs 14 for Chicago Blackhawks.

2nd period


0:01 of 2nd period - Kevin Stenlund wins face-off versus Tomas Hertl in neutral zone.
0:16 of 2nd period - Snap shot by Tomas Hertl.
0:16 of 2nd period - Stopped by Cam Talbot with a rebound.
0:26 of 2nd period - Snap shot by Ryan Hartman.
0:26 of 2nd period - Shot Blocked by Connor Murphy.
0:34 of 2nd period - Snap shot by Taylor Hall.
0:34 of 2nd period - Stopped by Filip Gustavsson without a rebound.
0:35 of 2nd period - Philipp Kurashev wins face-off versus Joel Eriksson-Ek in Minnesota Wild zone.
0:36 of 2nd period - Slapshot by Patrick Kane.
0:36 of 2nd period - Stopped by Filip Gustavsson with a rebound.
0:40 of 2nd period - Wrist shot by Patrick Kane.
0:40 of 2nd period - Shot Misses the Net.
0:42 of 2nd period - Slapshot by Patrik Nemeth.
0:42 of 2nd period - Shot Blocked by Rasmus Ristolainen.
0:44 of 2nd period - Slapshot by Patrik Nemeth.
0:44 of 2nd period - Shot Blocked by Seth Jones.
0:46 of 2nd period - Wrist shot by Philipp Kurashev.
0:46 of 2nd period - Shot Misses the Net.
0:48 of 2nd period - Snap shot by Patrick Kane.
0:48 of 2nd period - Shot Blocked by Seth Jones.
0:50 of 2nd period - Snap shot by Philipp Kurashev.
0:50 of 2nd period - Stopped by Filip Gustavsson with a rebound.
1:14 of 2nd period - Wrist shot by Robby Fabbri.
1:14 of 2nd period - Stopped by Filip Gustavsson without a rebound.
1:15 of 2nd period - Ryan Hartman wins face-off versus Corey Perry in Minnesota Wild zone.
2:08 of 2nd period - Marcus Johansson is hit by Robby Fabbri and loses puck.
2:30 of 2nd period - Marcus Foligno is hit by Patrik Nemeth and loses puck.
2:35 of 2nd period - Snap shot by Boris Katchouk.
2:35 of 2nd period - Shot Blocked by Seth Jones.
2:37 of 2nd period - Wrist shot by Joey Anderson.
2:37 of 2nd period - Shot Misses the Net.
2:39 of 2nd period - Snap shot by Nikita Zaitsev.
2:39 of 2nd period - Deflect By Seth Jones.
2:39 of 2nd period - Stopped by Filip Gustavsson without a rebound.
2:40 of 2nd period - Kevin Stenlund wins face-off versus Joel Eriksson-Ek in Minnesota Wild zone.
2:41 of 2nd period - Slapshot by Taylor Hall.
2:41 of 2nd period - Stopped by Filip Gustavsson with a rebound.
2:43 of 2nd period - Wrist shot by Corey Perry.
2:43 of 2nd period - Shot Misses the Net.
4:13 of 2nd period - Snap shot by Joel Eriksson-Ek.
4:13 of 2nd period - Stopped by Cam Talbot with a rebound.
4:17 of 2nd period - Snap shot by Joel Eriksson-Ek.
4:17 of 2nd period - Shot Misses the Net.
4:19 of 2nd period - Snap shot by Joel Eriksson-Ek.
4:19 of 2nd period - Deflect By Mats Zuccarello.
4:19 of 2nd period - Shot Blocked by Patrik Nemeth.
4:19 of 2nd period - Puck is out of play.
4:20 of 2nd period - Philipp Kurashev wins face-off versus Tomas Hertl in Chicago Blackhawks zone.
4:25 of 2nd period - Snap shot by Matt Boldy.
4:25 of 2nd period - Shot Blocked by Lukas Reichel.
4:27 of 2nd period - Slapshot by Rasmus Ristolainen.
4:27 of 2nd period - Shot Blocked by Nick Blankenburg.
4:29 of 2nd period - Slapshot by Matt Boldy.
4:29 of 2nd period - Stopped by Cam Talbot without a rebound.
4:30 of 2nd period - Philipp Kurashev wins face-off versus Matt Boldy in Chicago Blackhawks zone.
4:37 of 2nd period - Slapshot by Patrick Kane.
4:37 of 2nd period - Shot Misses the Net.
5:38 of 2nd period - Snap shot by Matt Boldy.
5:38 of 2nd period - Shot Blocked by Nick Blankenburg.
5:44 of 2nd period - Snap shot by Matt Boldy.
5:44 of 2nd period - Stopped by Cam Talbot without a rebound.
5:45 of 2nd period - Joel Eriksson-Ek wins face-off versus Kevin Stenlund in Chicago Blackhawks zone.
6:12 of 2nd period - Cole Guttman is hit by Owen Tippett and loses puck.
6:43 of 2nd period - Connor Murphy is hit by Marcus Foligno and loses puck.
7:12 of 2nd period - John Klingberg is hit by Cole Guttman and loses puck.
8:09 of 2nd period - Patrick Kane is hit by Matt Boldy and loses puck.
9:27 of 2nd period - Joey Anderson is hit by Joel Eriksson-Ek and loses puck.
10:10 of 2nd period - Joey Anderson is hit by Matt Boldy and loses puck.
10:33 of 2nd period - Minor Penalty to Matt Boldy for Slashing.
10:34 of 2nd period - Joel Eriksson-Ek wins face-off versus Philipp Kurashev in Minnesota Wild zone.
11:08 of 2nd period - Snap shot by Cole Guttman.
11:08 of 2nd period - Shot Blocked by Rasmus Ristolainen.
11:10 of 2nd period - Snap shot by Cole Guttman.
11:10 of 2nd period - Stopped by Filip Gustavsson with a rebound.
12:33 of 2nd period - Penalty to Matt Boldy is over, Matt Boldy is back on ice.
12:49 of 2nd period - Wrist shot by Marcus Johansson.
12:49 of 2nd period - Stopped by Cam Talbot without a rebound.
12:50 of 2nd period - Joel Eriksson-Ek wins face-off versus Sam Carrick in Chicago Blackhawks zone.
13:04 of 2nd period - Snap shot by Jujhar Khaira.
13:04 of 2nd period - Stopped by Cam Talbot without a rebound.
13:05 of 2nd period - Eric Staal wins face-off versus Patrick Kane in Chicago Blackhawks zone.
13:06 of 2nd period - Slapshot by John Klingberg.
13:06 of 2nd period - Stopped by Cam Talbot with a rebound.
13:08 of 2nd period - Slapshot by Marcus Foligno.
13:08 of 2nd period - Shot Misses the Net.
13:10 of 2nd period - Wrist shot by Jujhar Khaira.
13:10 of 2nd period - Shot Misses the Net.
13:12 of 2nd period - Snap shot by Marcus Foligno.
13:12 of 2nd period - Shot Blocked by Philipp Kurashev.
13:14 of 2nd period - Slapshot by Eric Staal.
13:14 of 2nd period - Deflect By Jujhar Khaira.
13:14 of 2nd period - Shot Misses the Net.
13:14 of 2nd period - Puck is out of play.
13:15 of 2nd period - Philipp Kurashev wins face-off versus Matt Boldy in Chicago Blackhawks zone.
14:10 of 2nd period - Marcus Foligno is hit by Jonatan Berggren.
14:34 of 2nd period - Snap shot by Matt Grzelcyk.
14:34 of 2nd period - Stopped by Filip Gustavsson with a rebound.
15:00 of 2nd period - Snap shot by Lukas Reichel.
15:00 of 2nd period - Stopped by Filip Gustavsson with a rebound.
15:12 of 2nd period - Marcus Johansson is hit by Robby Fabbri and loses puck.
15:39 of 2nd period - Wrist shot by Tomas Hertl.
15:39 of 2nd period - Shot Blocked by Connor Murphy.
15:41 of 2nd period - Slapshot by Marcus Johansson.
15:41 of 2nd period - Shot Blocked by Matt Grzelcyk.
15:43 of 2nd period - Snap shot by Matt Boldy.
15:43 of 2nd period - Stopped by Cam Talbot with a rebound.
15:45 of 2nd period - Snap shot by Tomas Hertl.
15:45 of 2nd period - Stopped by Cam Talbot with a rebound.
15:47 of 2nd period - Snap shot by Matt Boldy.
15:47 of 2nd period - Shot Blocked by Robby Fabbri.
15:49 of 2nd period - Slapshot by Seth Jones.
15:49 of 2nd period - Deflect By Robby Fabbri.
15:49 of 2nd period - Stopped by Cam Talbot without a rebound.
15:50 of 2nd period - Taylor Hall wins face-off versus Joel Eriksson-Ek in Chicago Blackhawks zone.
15:50 of 2nd period - Taylor Hall is hit by Kirill Kaprizov.
16:00 of 2nd period - Snap shot by Kirill Kaprizov.
16:00 of 2nd period - Stopped by Cam Talbot without a rebound.
16:01 of 2nd period - Kevin Stenlund wins face-off versus Joel Eriksson-Ek in Chicago Blackhawks zone.
16:10 of 2nd period - Slapshot by Nick Blankenburg.
16:10 of 2nd period - Shot Blocked by Jonas Brodin.
16:12 of 2nd period - Slapshot by Corey Perry.
16:12 of 2nd period - Deflect By Joel Eriksson-Ek.
16:12 of 2nd period - Stopped by Filip Gustavsson without a rebound.
16:13 of 2nd period - Kevin Stenlund wins face-off versus Joel Eriksson-Ek in Minnesota Wild zone.
16:24 of 2nd period - Connor Murphy is hit by Jonas Brodin and loses puck.
16:41 of 2nd period - Ryan Hartman is hit by Connor Murphy.
17:06 of 2nd period - Backhand shot by Matt Boldy.
17:06 of 2nd period - Shot Blocked by Nick Blankenburg.
17:08 of 2nd period - Wrist shot by Matt Boldy.
17:08 of 2nd period - Stopped by Cam Talbot without a rebound.
17:09 of 2nd period - Joel Eriksson-Ek wins face-off versus Kevin Stenlund in Chicago Blackhawks zone.
17:10 of 2nd period - Snap shot by Kirill Kaprizov.
17:10 of 2nd period - Stopped by Cam Talbot with a rebound.
17:12 of 2nd period - Slapshot by Jake Middleton.
17:12 of 2nd period - Stopped by Cam Talbot without a rebound.
17:13 of 2nd period - Kevin Stenlund wins face-off versus Joel Eriksson-Ek in Chicago Blackhawks zone.
18:12 of 2nd period - Slapshot by Eric Staal.
18:12 of 2nd period - Stopped by Cam Talbot without a rebound.
18:13 of 2nd period - Joel Eriksson-Ek wins face-off versus Kevin Stenlund in Chicago Blackhawks zone.
18:36 of 2nd period - Minor Penalty to Rasmus Ristolainen for Goalie Interference.
18:37 of 2nd period - Philipp Kurashev wins face-off versus Joel Eriksson-Ek in Minnesota Wild zone.
19:03 of 2nd period - Matt Boldy is hit by Cole Guttman and loses puck.
19:58 of 2nd period - Cole Guttman is hit by Tomas Hertl and loses puck.
Goals for this period are 0 for Minnesota Wild vs 0 for Chicago Blackhawks.
Shots for this period are 15 for Minnesota Wild vs 10 for Chicago Blackhawks.

3rd period


0:01 of 3rd period - Philipp Kurashev wins face-off versus Joel Eriksson-Ek in neutral zone.
0:26 of 3rd period - Joel Eriksson-Ek is hit by Cole Guttman and loses puck.
0:31 of 3rd period - Wrist shot by Corey Perry.
0:31 of 3rd period - Stopped by Filip Gustavsson with a rebound.
0:33 of 3rd period - Backhand shot by Cole Guttman.
0:33 of 3rd period - Shot Misses the Net.
0:35 of 3rd period - Wrist shot by Corey Perry.
0:35 of 3rd period - Shot Misses the Net.
0:36 of 3rd period - Penalty to Rasmus Ristolainen is over, Rasmus Ristolainen is back on ice.
0:37 of 3rd period - Backhand shot by Nick Blankenburg.
0:37 of 3rd period - Deflect By Lukas Reichel.
0:37 of 3rd period - Stopped by Filip Gustavsson without a rebound.
0:38 of 3rd period - Ryan Hartman wins face-off versus Sam Carrick in Minnesota Wild zone.
0:45 of 3rd period - Snap shot by Owen Tippett.
0:45 of 3rd period - Stopped by Cam Talbot with a rebound.
0:47 of 3rd period - Snap shot by Ryan Hartman.
0:47 of 3rd period - Shot Blocked by Sam Carrick.
0:49 of 3rd period - Slapshot by Jon Merrill.
0:49 of 3rd period - Stopped by Cam Talbot with a rebound.
0:51 of 3rd period - Wrist shot by Zach Parise.
0:51 of 3rd period - Shot Misses the Net.
0:53 of 3rd period - Wrist shot by Zach Parise.
0:53 of 3rd period - Deflect By Joey Anderson.
0:53 of 3rd period - Shot Misses the Net.
0:53 of 3rd period - Puck is out of play.
0:54 of 3rd period - Joel Eriksson-Ek wins face-off versus Kevin Stenlund in Chicago Blackhawks zone.
0:57 of 3rd period - Slapshot by Kirill Kaprizov.
0:57 of 3rd period - Stopped by Cam Talbot with a rebound.
0:59 of 3rd period - Slapshot by Kirill Kaprizov.
0:59 of 3rd period - Shot Misses the Net.
1:01 of 3rd period - Slapshot by Seth Jones.
1:01 of 3rd period - Stopped by Cam Talbot with a rebound.
1:03 of 3rd period - Backhand shot by Rasmus Ristolainen.
1:03 of 3rd period - Goal by Rasmus Ristolainen - Minnesota Wild : 2 - Chicago Blackhawks : 1.
1:04 of 3rd period - Joel Eriksson-Ek wins face-off versus Philipp Kurashev in neutral zone.
1:19 of 3rd period - Wrist shot by Joel Eriksson-Ek.
1:19 of 3rd period - Deflect By Kirill Kaprizov.
1:19 of 3rd period - Stopped by Cam Talbot with a rebound.
1:21 of 3rd period - Slapshot by Seth Jones.
1:21 of 3rd period - Stopped by Cam Talbot without a rebound.
1:22 of 3rd period - Kevin Stenlund wins face-off versus Marcus Johansson in Chicago Blackhawks zone.
1:34 of 3rd period - Off-side.
1:35 of 3rd period - Philipp Kurashev wins face-off versus Kirill Kaprizov in neutral zone.
1:46 of 3rd period - Snap shot by Kirill Kaprizov.
1:46 of 3rd period - Deflect By Mats Zuccarello.
1:46 of 3rd period - Stopped by Cam Talbot with a rebound.
1:48 of 3rd period - Slapshot by Seth Jones.
1:48 of 3rd period - Stopped by Cam Talbot without a rebound.
1:49 of 3rd period - Joel Eriksson-Ek wins face-off versus Kevin Stenlund in Chicago Blackhawks zone.
3:05 of 3rd period - Snap shot by Eric Staal.
3:05 of 3rd period - Stopped by Cam Talbot with a rebound.
3:07 of 3rd period - Snap shot by Marcus Foligno.
3:07 of 3rd period - Stopped by Cam Talbot without a rebound.
3:08 of 3rd period - Joel Eriksson-Ek wins face-off versus Kevin Stenlund in Chicago Blackhawks zone.
3:15 of 3rd period - Snap shot by Taylor Hall.
3:15 of 3rd period - Stopped by Filip Gustavsson without a rebound.
3:16 of 3rd period - Joel Eriksson-Ek wins face-off versus Kevin Stenlund in Minnesota Wild zone.
3:27 of 3rd period - Snap shot by Taylor Hall.
3:27 of 3rd period - Stopped by Filip Gustavsson without a rebound.
3:28 of 3rd period - Tomas Hertl wins face-off versus Lukas Reichel in Minnesota Wild zone.
3:57 of 3rd period - Snap shot by Cole Guttman.
3:57 of 3rd period - Shot Hit the Post.
4:24 of 3rd period - Wrist shot by Robby Fabbri.
4:24 of 3rd period - Stopped by Filip Gustavsson with a rebound.
4:27 of 3rd period - Icing by Tomas Hertl.
4:28 of 3rd period - Tomas Hertl wins face-off versus Kevin Stenlund in Minnesota Wild zone.
5:05 of 3rd period - Slapshot by Matt Boldy.
5:05 of 3rd period - Stopped by Cam Talbot with a rebound.
5:07 of 3rd period - Snap shot by Tomas Hertl.
5:07 of 3rd period - Shot Hit the Post.
5:13 of 3rd period - Slapshot by Tomas Hertl.
5:13 of 3rd period - Stopped by Cam Talbot with a rebound.
5:15 of 3rd period - Slapshot by Seth Jones.
5:15 of 3rd period - Deflect By Kevin Stenlund.
5:15 of 3rd period - Stopped by Cam Talbot without a rebound.
5:16 of 3rd period - Joel Eriksson-Ek wins face-off versus Philipp Kurashev in Chicago Blackhawks zone.
5:45 of 3rd period - Slapshot by Marcus Foligno.
5:45 of 3rd period - Shot Misses the Net.
5:47 of 3rd period - Slapshot by Jon Merrill.
5:47 of 3rd period - Stopped by Cam Talbot with a rebound.
5:49 of 3rd period - Snap shot by Jujhar Khaira.
5:49 of 3rd period - Shot Misses the Net.
5:51 of 3rd period - Snap shot by Marcus Foligno.
5:51 of 3rd period - Stopped by Cam Talbot with a rebound.
5:53 of 3rd period - Slapshot by Marcus Foligno.
5:53 of 3rd period - Shot Misses the Net.
6:11 of 3rd period - Snap shot by Owen Tippett.
6:11 of 3rd period - Stopped by Cam Talbot with a rebound.
6:29 of 3rd period - Snap shot by Robby Fabbri.
6:29 of 3rd period - Stopped by Filip Gustavsson with a rebound.
6:47 of 3rd period - Eric Staal is hit by Patrik Nemeth and loses puck.
7:02 of 3rd period - John Klingberg is hit by Patrik Nemeth and loses puck.
7:51 of 3rd period - Snap shot by Sam Carrick.
7:51 of 3rd period - Shot Misses the Net.
7:53 of 3rd period - Backhand shot by Sam Carrick.
7:53 of 3rd period - Deflect By Mats Zuccarello.
7:53 of 3rd period - Shot Blocked by Rasmus Ristolainen.
7:53 of 3rd period - Puck is out of play.
7:54 of 3rd period - Joel Eriksson-Ek wins face-off versus Cole Guttman in Minnesota Wild zone.
7:59 of 3rd period - Slapshot by Robby Fabbri.
7:59 of 3rd period - Shot Misses the Net.
8:01 of 3rd period - Snap shot by Jonatan Berggren.
8:01 of 3rd period - Deflect By Robby Fabbri.
8:01 of 3rd period - Shot Misses the Net.
8:01 of 3rd period - Puck is out of play.
8:02 of 3rd period - Joel Eriksson-Ek wins face-off versus Cole Guttman in Minnesota Wild zone.
8:02 of 3rd period - Joel Eriksson-Ek is hit by Cole Guttman.
8:31 of 3rd period - Double Minor Penalty to Nikita Zaitsev for Roughing.
8:32 of 3rd period - Joel Eriksson-Ek wins face-off versus Kevin Stenlund in Chicago Blackhawks zone.
8:37 of 3rd period - Snap shot by Mats Zuccarello.
8:37 of 3rd period - Shot Misses the Net.
10:30 of 3rd period - Robby Fabbri is hit by Matt Boldy and loses puck.
12:31 of 3rd period - Penalty to Nikita Zaitsev is over, Nikita Zaitsev is back on ice.
13:35 of 3rd period - Rasmus Ristolainen is hit by Patrik Nemeth and loses puck.
14:23 of 3rd period - Minor Penalty to Nikita Zaitsev for Interference.
14:24 of 3rd period - Kevin Stenlund wins face-off versus Joel Eriksson-Ek in Chicago Blackhawks zone.
14:33 of 3rd period - Off-side.
14:34 of 3rd period - Kevin Stenlund wins face-off versus Joel Eriksson-Ek in neutral zone.
14:37 of 3rd period - Slapshot by Nick Blankenburg.
14:37 of 3rd period - Stopped by Filip Gustavsson with a rebound.
14:40 of 3rd period - Icing by Seth Jones.
14:41 of 3rd period - Kevin Stenlund wins face-off versus Joel Eriksson-Ek in Minnesota Wild zone.
14:42 of 3rd period - Snap shot by Boris Katchouk.
14:42 of 3rd period - Stopped by Filip Gustavsson without a rebound.
14:43 of 3rd period - Joel Eriksson-Ek wins face-off versus Kevin Stenlund in Minnesota Wild zone.
16:23 of 3rd period - Penalty to Nikita Zaitsev is over, Nikita Zaitsev is back on ice.
16:27 of 3rd period - Wrist shot by Joey Anderson.
16:27 of 3rd period - Shot Misses the Net.
16:31 of 3rd period - Slapshot by Nick Blankenburg.
16:31 of 3rd period - Shot Blocked by Owen Tippett.
16:33 of 3rd period - Slapshot by Sam Carrick.
16:33 of 3rd period - Shot Blocked by Owen Tippett.
16:35 of 3rd period - Slapshot by Nikita Zaitsev.
16:35 of 3rd period - Stopped by Filip Gustavsson without a rebound.
16:36 of 3rd period - Eric Staal wins face-off versus Cole Guttman in Minnesota Wild zone.
17:00 of 3rd period - Icing by Nick Blankenburg.
17:01 of 3rd period - Joel Eriksson-Ek wins face-off versus Cole Guttman in Chicago Blackhawks zone.
17:06 of 3rd period - Wrist shot by Owen Tippett.
17:06 of 3rd period - Stopped by Cam Talbot with a rebound.
17:08 of 3rd period - Slapshot by Rasmus Ristolainen.
17:08 of 3rd period - Stopped by Cam Talbot without a rebound.
17:09 of 3rd period - Ryan Hartman wins face-off versus Sam Carrick in Chicago Blackhawks zone.
17:19 of 3rd period - Off-side.
17:20 of 3rd period - Zach Parise wins face-off versus Cole Guttman in neutral zone.
17:36 of 3rd period - Snap shot by Robby Fabbri.
17:36 of 3rd period - Shot Misses the Net.
17:46 of 3rd period - Matt Grzelcyk is hit by Mats Zuccarello and loses puck.
18:17 of 3rd period - Slapshot by Philipp Kurashev.
18:17 of 3rd period - Shot Misses the Net.
18:45 of 3rd period - Minor Penalty to Corey Perry for Interference.
18:46 of 3rd period - Kevin Stenlund wins face-off versus Joel Eriksson-Ek in Chicago Blackhawks zone.
18:56 of 3rd period - Icing by Jonas Brodin.
18:57 of 3rd period - Kevin Stenlund wins face-off versus Joel Eriksson-Ek in Minnesota Wild zone.
18:58 of 3rd period - Snap shot by Boris Katchouk.
18:58 of 3rd period - Stopped by Filip Gustavsson with a rebound.
19:00 of 3rd period - Minor Penalty to Jonas Brodin for Interference.
19:01 of 3rd period - Joel Eriksson-Ek wins face-off versus Cole Guttman in Minnesota Wild zone.
19:16 of 3rd period - Slapshot by Mats Zuccarello.
19:16 of 3rd period - Stopped by Cam Talbot with a rebound.
19:18 of 3rd period - Slapshot by Seth Jones.
19:18 of 3rd period - Stopped by Cam Talbot without a rebound.
19:19 of 3rd period - Folke Strom call a timeout for Chicago Blackhawks.
19:19 of 3rd period - Cole Guttman wins face-off versus Joel Eriksson-Ek in Chicago Blackhawks zone.
19:28 of 3rd period - Chicago Blackhawks, Cam Talbot is pulled from the net.
19:42 of 3rd period - Minor Penalty to Rasmus Ristolainen for Cross-checking.
19:43 of 3rd period - Cole Guttman wins face-off versus Joel Eriksson-Ek in Minnesota Wild zone.
19:44 of 3rd period - Snap shot by Patrick Kane.
19:44 of 3rd period - Shot Misses the Net.
19:46 of 3rd period - Snap shot by Patrick Kane.
19:46 of 3rd period - Shot Misses the Net.
19:48 of 3rd period - Snap shot by Connor Murphy.
19:48 of 3rd period - Shot Blocked by Jake Middleton.
19:50 of 3rd period - Snap shot by Matt Grzelcyk.
19:50 of 3rd period - Shot Misses the Net.
19:52 of 3rd period - Snap shot by Matt Grzelcyk.
19:52 of 3rd period - Stopped by Filip Gustavsson without a rebound.
19:53 of 3rd period - Joel Eriksson-Ek wins face-off versus Cole Guttman in Minnesota Wild zone.
Goals for this period are 1 for Minnesota Wild vs 0 for Chicago Blackhawks.
Shots for this period are 21 for Minnesota Wild vs 11 for Chicago Blackhawks.